 Dungeon Crawl Stone Soup version 0.22.1-1-ga44c0e56f4 (webtiles) character file.

172 Nygeryga the Skirmisher (level 5, -5/50 HPs)
             Began as a Hill Orc Fighter on Oct 13, 2018.
             Was an Initiate of Trog.
             Slain by Grinder (6 damage)
             ... while paralysed by Grinder
             ... on level 3 of the Dungeon.
             The game lasted 00:08:45 (2858 turns).

Nygeryga the Skirmisher (Hill Orc Fighter)          Turns: 2858, Time: 00:08:46

Health: -5/50      AC:  6    Str: 20    XL:     5   Next: 53%
Magic:  5/5        EV:  2    Int:  8    God:    Trog [......]
Gold:   152        SH:  0    Dex: 10    Spells: 4/4 levels left

rFire    . . .     SeeInvis .   a - +0 war axe
rCold    . . .     Gourm    .   m - +0 large shield
rNeg     . . .     Faith    .   b - +0 scale mail
rPois    .         Spirit   .   (no helmet)
rElec    .         Reflect  .   (no cloak)
rCorr    .         Harm     .   (no gloves)
MR       .....                  (no boots)
Stlth    ..........             (no amulet)
HPRegen  0.16/turn              (no ring)
MPRegen  0.09/turn              (no ring)

@: paralysed
A: no striking features
a: Renounce Religion


You were on level 3 of the Dungeon.
You worshipped Trog.
Trog was noncommittal.
You were not hungry.

You visited 1 branch of the dungeon, and saw 3 of its levels.

You collected 152 gold pieces.

Inventory:

Hand Weapons
 a - a +0 war axe (weapon)
Armour
 b - a +0 scale mail (worn)
 c - a +0 shield
 m - a +0 large shield (worn)
Scrolls
 i - 4 scrolls of identify
 l - 2 scrolls of teleportation
 n - a scroll of remove curse
Potions
 d - 2 potions of might
 e - a potion of heal wounds {unknown}
 g - a potion of haste {unknown}
 h - a potion of flight {unknown}
 j - 2 potions of curing {unknown}
 k - a potion of berserk rage
Comestibles
 f - 2 rations


   Skills:
 + Level 5.7 Fighting
 + Level 5.5 Axes
 - Level 3.2 Armour
 - Level 3.2 Shields


You had 4 spell levels left.
You didn't know any spells.
Your spell library was empty.

Dungeon Overview and Level Annotations

Branches:
Dungeon (3/15)

Altars:
Ashenzari
Nemelex Xobeh
Sif Muna
Trog
Yredelemnul

Annotations:
D:3 1 runed door, Grinder


Message History

You are too injured to fight recklessly!
You are too injured to fight recklessly!
You are too injured to fight recklessly!
You are too injured to fight recklessly!
You are too injured to fight recklessly!
You are too injured to fight recklessly!
You are too injured to fight recklessly!
You barely miss Grinder.
Grinder is moderately wounded.
Grinder gestures at you. Pain shoots through your body!
* * * LOW HITPOINT WARNING * * *
Grinder gestures at you.
You suddenly lose the ability to move!
Grinder gestures at you. You resist with significant effort. Grinder hits you.
* * * LOW HITPOINT WARNING * * *
You writhe in agony.
You die...

..........#.......# #
#########.#.......# #
#.#.....(.# #
#.##......# #
..##......# #
#############......#
#..................#
#.####.####.#<..#####
#..@.+..#.#.#.....#
#⌠5#.#..#)#.#.....#
#.####.##'#.#.#.....##
#...........#.#.......
#.####.##'#.#.#.......
#..'.+..#.#.#.......
#..#.#.)#.#.#.....##
#.#+##.####.#.#.....##
#...........#........(


You could see Grinder.

Vanquished Creatures
  Jessica (D:3)
  An orc wizard (D:3)
  Robin (D:3)
  A worm (D:2)
  A dart slug (D:1)
  3 leopard geckos
  9 orcs (D:3)
  5 bats
  3 giant cockroaches
  18 goblins
  11 hobgoblins
  9 jackals
  2 quokkas (D:2)
  A frilled lizard (D:2)
  9 kobolds
  7 rats
82 creatures vanquished.

Notes
Turn   | Place    | Note
-------+----------+-------------------------------------------
     0 | D:1      | Nygeryga the Hill Orc Fighter began the quest for the Orb.
     0 | D:1      | Reached XP level 1. HP: 19/19 MP: 1/1
   254 | D:1      | Reached XP level 2. HP: 27/27 MP: 2/2
   618 | D:1      | Reached XP level 3. HP: 31/34 MP: 3/3
  1515 | D:2      | Reached XP level 4. HP: 39/41 MP: 4/4
  1569 | D:2      | Found a shattered altar of Ashenzari.
  1733 | D:3      | Reached skill level 5 in Fighting
  2027 | D:3      | Reached skill level 5 in Axes
  2097 | D:3      | Reached XP level 5. HP: 33/48 MP: 5/5
  2125 | D:3      | Noticed Jessica
  2139 | D:3      | Killed Jessica
  2511 | D:3      | Noticed Robin
  2513 | D:3      | Found a faded altar of an unknown god.
  2521 | D:3      | Killed Robin
  2532 | D:3      | Found a sparkling altar of Nemelex Xobeh.
  2581 | D:3      | Found a runed door.
  2660 | D:3      | Found a deep blue altar of Sif Muna.
  2662 | D:3      | Found a bloodstained altar of Trog.
  2742 | D:3      | Found a basalt altar of Yredelemnul.
  2780 | D:3      | Became a worshipper of Trog the Wrathful
  2852 | D:3      | Noticed Grinder
  2856 | D:3      | Paralysed by Grinder for 4 turns
  2858 | D:3      | HP: 1/50 [Grinder (4)]
  2858 | D:3      | Slain by Grinder

Skill      XL: |  1  2  3  4 |
---------------+-------------+-----
Axes           | 3 4 5 |  5.5
Fighting       | 4 5 |  5.7
Armour         | |  3.2
Shields        | |  3.2

Action                   |  1- 3 |  4- 6 || total
-------------------------+-------+-------++-------
Melee: War axe           |   152 |   140 ||   292
  Use: Scroll            |       |     3 ||     3
  Eat: Chunk             |     1 |     6 ||     7
Armor: Scale mail        |    70 |    38 ||   108
Dodge: Dodged            |    49 |    24 ||    73
Block: Shield            |    73 |       ||    73
       Large shield      |    36 |    98 ||   134
